Workbook
Name Máster_de_Formación_Permanente: 'Datos generales'!$C$15
Name Máster_Formación_Permanente: 'Datos generales'!$C$15
Name Print_Area: 'Datos académicos'!$B$1:$F$117

Sheet Hoja interna
L1: Centro Gestor
A3: Modalidad de impartición | F3: Duración | M3: Escuela de Especialización Profesional de Hidrología Médica e Hidroterapia
B4: Presencial | G4: Menos de un semestre | M4: Facultad de Bellas Artes
B5: Híbrida o Semipresencial | G5: Un semestre | M5: Facultad de CC. Biológicas
B6: Virtual o No presencial | G6: Un año | M6: Facultad de CC. de la Documentación
G7: Dos años | M7: Facultad de CC. de la Información
A8: Tipo de propuesta | G8: Tres años | M8: Facultad de CC. Económicas y Empresariales
B9: Nueva propuesta | M9: Facultad de CC. Físicas
B10: Propuesta con modificación | M10: Facultad de CC. Geológicas
B11: Propuesta sin modificación | F11: Promoción | M11: Facultad de CC. Matemáticas
G12: 2023 - 2024 | M12: Facultad de CC. Políticas y Sociología
A13: Tipo de curso | B13: Máster Propio | G13: 2024 - 2025 | M13: Facultad de CC. Químicas
B14: Máster de Formación Permanente | G14: 2024 - 2026 | M14: Facultad de Comercio y Turismo
B15: Diploma de Especialización | G15: 2024 - 2027 | M15: Facultad de Derecho
B16: Experto | M16: Facultad de Educación - Centro Formación Prof.
B17: Internado | H17: Idioma de impartición | M17: Facultad de Enfermería, Fisioterapia y Podología
B18: Posgrado de Especialización | F18: Tipo de prácticas | I18: Castellano | M18: Facultad de Estudios Estadísticos
B19: Diploma de Formación Permanente | G19: Obligatorias | I19: Inglés | M19: Facultad de Farmacia
B20: Certificado de Formación Permanente | G20: Optativas | M20: Facultad de Filología
B21: Microcredencial | M21: Facultad de Filosofía
M22: Facultad de Geografía e Historia
A23: Centro de la UCM | F23: Gestión externa | M23: Facultad de Informática
B24: Facultad de Bellas Artes | M24: Facultad de Medicina
B25: Facultad de CC. Biológicas | G25: Sí | M25: Facultad de Odontología
B26: Facultad de CC. de la Documentación | G26: No | M26: Facultad de Óptica y Optometría
B27: Facultad de CC. de la Información | M27: Facultad de Psicología
B28: Facultad de CC. Económicas y Empresariales | F28: Vinculación | M28: Facultad de Trabajo Social
B29: Facultad de CC. Físicas | G29: UCM | M29: Facultad de Veterinaria
B30: Facultad de CC. Geológicas | G30: Externo | M30: Escuela de Gobierno
B31: Facultad de CC. Matemáticas | M31: Escuela Profesional de Relac. Laborales
B32: Facultad de CC. Políticas y Sociología | F32: Módulo | M32: I. U. Lenguas Modernas y Traductores (IULMyT)
B33: Facultad de CC. Químicas | G33: Presencial | M33: I. C. Estudios Internacionales (ICEI)
B34: Facultad de Comercio y Turismo | G34: No presencial | M34: Instituto Pluridisciplinar
B35: Facultad de Derecho
B36: Facultad de Educación - Centro Formación Prof. | F36: Reserva de plaza | L36: EXTRACURRICULARES
B37: Facultad de Enfermería, Fisioterapia y Podología | G37: 100 | M37: Sí
B38: Facultad de Estudios Estadísticos | G38: 300 | M38: No
B39: Facultad de Farmacia | G39: 500
B40: Facultad de Filología | G40: 600
B41: Facultad de Filosofía | G41: 1000
B42: Facultad de Geografía e Historia | G42: 1500
B43: Facultad de Informática | L43: Vinculación por contrato con la UCM
B44: Facultad de Medicina
B45: Facultad de Odontología | F45: Admisión previa | M45: Permanente
B46: Facultad de Óptica y Optometría | G46: Sí | M46: No permanente
B47: Facultad de Psicología | G47: No
B48: Facultad de Trabajo Social
B49: Facultad de Veterinaria | E49: Curso académico (memoria último curso)
B50: Hospital Clínico Veterinario | H50: 2019 - 2020
B51: Centro Análisis Sanitarios | H51: 2020 - 2021
B52: Centro Complutense para la Enseñanza del Español | H52: 2021 - 2022
B53: Centro de Donación de Cuerpos y Salas de Disección | H53: 2022 - 2023
B54: Centro de Formación Permanente | H54: 2023 - 2024
B55: Escuela de Gobierno
B56: Escuela Profesional de Relac. Laborales
B57: Escuela Profesional de Medicina Legal y Forense | E57: Promoción (memoria último curso) | H57: 2019 - 2020
B58: I. U. Ciencias Musicales (ICCMU) | H58: 2019 - 2021
B59: I. U. Lenguas Modernas y Traductores (IULMyT) | H59: 2019 - 2022
B60: I. C. Análisis Económico (ICAE) | H60: 2020 - 2021
B61: I. C. Investigaciones Feministas | H61: 2020 - 2022
B62: I. C. Ciencias de la Administración (ICCA) | H62: 2020 - 2023
B63: I. C. Estudios Internacionales (ICEI) | H63: 2021 - 2022
B64: Instituto Pluridisciplinar | H64: 2021 - 2023
B65: Escuela de Especialización Profesional de Hidrología Médica e Hidroterapia | H65: 2021 - 2024
H66: 2022 - 2023
A67: Descuentos | D67: Ramas | H67: 2022 - 2024
H68: 2023 - 2024
A69: Descuento del 10% | B69: 0.1 | E69: Artes y Humanidades
A70: Descuento del 20% | B70: 0.2 | E70: Ciencias
A71: Descuento del 30% | B71: 0.3 | E71: Ciencias de la Salud
A72: Descuento del 40% | B72: 0.4 | E72: Ciencias Sociales y Jurídicas
A73: Descuento del 50% | B73: 0.5 | E73: Ingeniería
A74: Descuento del 60% | B74: 0.6
A75: Descuento del 70% | B75: 0.7
A76: Descuento del 80% | B76: 0.8
A77: Descuento del 90% | B77: 0.9
A78: Descuento del 100% | B78: 1
A80: Conferencias o webinars
A81: Límite de horas para el curso (presencial) | C81: ='Datos generales'!C50*7.5*5% -> 0
A82: Límite de horas para el curso (no presencial): | C82: ='Datos generales'!C51*4*5% -> 0
A84: Elaboración o actualización de materiales docentes | C84: =IF(AND('Datos generales'!C18="No presencial",'Datos generales'!F19=1),'Datos generales'!C50*4*50%,IF(AND('Datos generales'!C18="No presencial",'Datos generales'!F19=2),'Datos generales'!C50*4*40%,IF(AND('Datos generales'!C18="No presencial",'Datos generales'!F19>=3),'Datos generales'!C50*4*30%,IF('Datos generales'!C18="Semipresencial",'Datos generales'!C50*5*30%,""))))

Sheet Datos generales
A6: PROPUESTA DE CURSO DE FORMACIÓN PERMANENTE
A7: Versión 12.0
A8: DATOS GENERALES DEL TÍTULO
A10: A rellenar por los servicios administrativos:
A11: Código Centro | C11: Fecha de entrada de la propuesta
A12: Código Meta | C12: Fecha aprobación Comisión
A13: Código GEA | C13: Fecha aprobación Consejo Social
A15: Tipo de curso
A16: Denominación del título (Si se imparte en inglés, especificar título en dicho idioma)
A17: Duración del título | E17: Curso académico
A18: Modalidad de impartición
A19: Idioma de impartición | E19: Nº edición
A20: Tipo de propuesta
A21: En caso de modificación, indicar los cambios realizados
A22: Centro de la UCM
A23: Rama de conocimiento
A24: Centro Gestor
A26: Página web del título (Máx. 65 caracteres)
A27: Email de información
A28: Teléfono de información (9 dígitos)
A30: Apellidos y nombre del Director/a: | E30: Móvil:
A31: DNI Director/a: | D31: Email UCM Director/a:
A32: Tipo de vinculación con la UCM: | E32: =IF(W32="0","Fecha de fin de contrato:","") | W32: =IF(C32="No permanente","0","1") -> 1
A34: Apellidos y nombre del Codirector/a: | E34: Móvil:
A35: DNI Codirector/a: | D35: Email Codirector/a:
A37: Apellidos y nombre del Coord.Académico: | E37: Móvil:
A38: DNI Coordinador/a: | D38: Email Coordinador/a:
A39: En caso de incluir prácticas académicas externas/curriculares y extracurriculares/clínicas, cumplimentar los datos del Coordinador de Prácticas
A42: Apellidos y nombre del Coord. Prácticas: | E42: Móvil:
A43: DNI Coordinador/a: | D43: Email Coordinador/a:
A50: Créditos ECTS totales | C50: =C51+C52+C54+C55 -> 0 | D50: Máster de F.P. | F50: 60, 90, 120 ECTS | G50: =C50-INT(C50)=0 -> TRUE
A51: Créditos docencia | D51: Diploma Especialización | F51: 30 - 59 ECTS | G51: =IF(G50=FALSE, "El número total de ECTS no puede contener decimales", "")
A52: Créditos prácticas externas curriculares | D52: Experto | F52: 20 - 29 ECTS
A53: Prácticas externas extracurriculares | D53: Internado | F53: Mayor/igual a 80 ECTS
A54: Créditos práctIcas clínicas o form. práctica | D54: Diploma de F.P. | F54: Entre 15-30 ECTS
A55: Créditos TFM (Sólo Máster de F.P.) | D55: Certificado de F.P. | F55: <15 ECTS
D56: Microcredenciales | F56: <15 ECTS
A57: =IF(C15<>"Máster de Formación Permanente","",IF(AND(C15="Máster de Formación Permanente",C50=60)," ",IF(AND(C15="Máster de Formación Permanente",C50=90)," ",IF(AND(C15="Máster de Formación Permanente",C50=120)," ","Error en los ECTS: El Máster de Formación Permanente sólo puede tener 60, 90 o 120 ECTS"))))
A58: =IF(C52>(C50*0.5),"Las prácticas externas curriculares no pueden superar el 50% de los créditos totales"," ")
A60: Precio del título | C60: =SUM(F60:F62) -> 0 | E60: Precio 1er año
A61: Precio curso anterior | E61: Precio 2º año
A62: Diferencia | C62: =IFERROR((C60-C61)/C60, 0) -> 0 | E62: Precio 3er año
C64: =IF(G69,"","El precio total del curso no puede contener decimales")
A65: Nº estud. previstos | C65: Nº estud. curso anterior | E65: Nº mín. estud.
A67: Solo para Máster Formación Permanente, Diploma de Especialización, Experto e Internado:
A69: Reserva de plaza (No se admite en los cursos de gestión externa e internado) | G69: =C60-INT(C60)=0 -> TRUE | H69: =C60-INT(C60)=0 -> TRUE
A70: Fecha inicio del curso | D70: Fecha fin del curso
A71: Fecha 1ª convocatoria | D71: Fecha 2ª convocatoria
A74: Si se propone un segundo grupo, debe incluir la siguiente información:
A76: Reserva de plaza (No se admite en los cursos de gestión externa e internado)
A77: Fecha inicio del curso | D77: Fecha fin del curso
A78: Fecha 1ª convocatoria | D78: Fecha 2ª convocatoria
A81: Solo para Diploma de FP, Certificado de FP y Microcredenciales, si se presenta más de un grupo, debe incluir la siguiente información de cada grupo:
A83: Admisión previa | C83: Nº grupos | E83: Nº estudiantes | F83: =IF((SUM(F84:F85)=B65),B65,"ERROR") -> 0 | G83: =IF(AND(F83<>B65,OR(C15="Diploma de Formación Permanente",C15="Certificado de Formación Permanente")),"El número de estudiantes debe coincidir con el número de estudiantes previstos","")
A84: Grupo 1: fecha inicio | E84: Nº estudiantes
A85: Grupo 2: fecha inicio | E85: Nº estudiantes
A90: PARA TODOS: Justificación de la solicitud de grupos en su caso (es preciso indicar la demanda obtenida en la edición anterior y/o interés mostrado por posibles estudiantes que justifiquen esta petición)
A94: En caso de que la dirección del curso considere solicitar el reconocimiento de créditos para estudiantes de Grado UCM, deberá enviarse a la Sección de Planes de Estudio (spe@ucm.es) copia de este archivo en pdf, junto con la solicitud de reconocimiento de créditos y el comunicado de la aprobación de este curso. Para ello, por favor indique el nombre del curso en inglés:
A99: Breve resumen del curso (máx. 700 caracteres con espacios) Si se imparte en inglés, el resumen debe ser redactado en inglés. (Para insertar una nueva línea, presionar simultáneamente la tecla Alt e Intro)
A104: Perfil del estudiante a quien se dirige el curso. Si se imparte en inglés, el resumen debe ser redactado en inglés. (Para insertar una nueva línea, presionar simultáneamente la tecla Alt e Intro)
A107: Curso de gestión económica externa
A108: En caso afirmativo, empresa que realiza la gestión externa
A109: Fecha del Convenio de colaboración con formación permanente
A110: (si el convenio está en tramitación, deje en blanco la fecha del convenio)
A112: La Dirección del curso | D112: El Decanato o Dirección del Centro
A120: Nombre y apellidos: | D120: Nombre y apellidos:
A121: =IF(C30=""," ",C30)
A123: En caso de que el Centro Gestor sea diferente del Centro Responsable, se requiere la siguiente firma:
A125: VºBº Decanato o Dirección del Centro Gestor
D127: Nombre y apellidos:
A133: =CONCATENATE("Denominación del título: ",C15," - ",C16) -> Denominación del título: -
A136: =CONCATENATE("Propuesta para el curso académico: ",F17) -> Propuesta para el curso académico:

Sheet Datos económicos
A7: PROPUESTA DE CURSO DE FORMACIÓN PERMANENTE
A8: =IF('Datos generales'!C15="","",'Datos generales'!C15&" en " &'Datos generales'!C16)
A9: DATOS ECONÓMICOS
A11: INGRESOS
A13: DESCUENTOS | B13: Descuento (10%) | C13: Nº estudiantes | D13: Descuento por estudiante | E13: Ingresos
A14: Programa Alumni o familiares de primer grado de trabajadores UCM | B14: 0.1 | D14: =IF(OR(C14="",C14=0),0,B14*'Datos generales'!$C$60) -> 0 | E14: ='Datos generales'!C60*C14-D14*C14 -> 0
A16: Trabajadores de la UCM | B16: 0.1 | D16: =IF(OR(C16="",C16=0),0,B16*'Datos generales'!$C$60) -> 0 | E16: =IFERROR(C16*('Datos generales'!$C$60-'Datos económicos'!D16),0) -> 0
B18: Total | C18: =SUM(C14 + C16) -> 0 | D18: =SUM(D14*C14)+(C16*D16) -> 0 | E18: =SUM(E14+E16) -> 0
A20: FINANCIACIÓN EXTERNA
A21: Becados por entidades colaboradoras (indicar nombre):
B22: Nº estudiantes | C22: Beca por estudiante | D22: Resto matrícula a abonar | E22: Ingresos
D23: =IF(C23<>0,'Datos generales'!C60-C23,"") | E23: =IFERROR(B23*(C23+D23),"")
A25: Subvenciones, patrocinios u otras fuentes de financiación (Indicar nombre o procedencia) (Indicar procedencia)
D28: SUBTOTAL | E28: =SUM(E14,E16, E23,E25) -> 0
A29: ESTUDIANTES CON BECA
A30: CANTIDAD MÁXIMA PARA BECAS (hasta 25% de los ingresos de matrícula) | E30: =(('Datos generales'!B65*'Datos generales'!C60)-D18+E25)*25% -> 0
A31: CANTIDAD TOTAL APLICADA PARA BECAS | E31: =C34*D34+C35*D35+C36*D36+C37*D37 -> 0
B33: Porcentaje de descuento aplicado | C33: Nº estudiantes | D33: Descuento x estudiante | E33: Ingresos
D34: =IFERROR(VLOOKUP(B34,'Hoja interna'!$A$69:$B$78,2,FALSE)*'Datos generales'!$C$60,0) -> 0 | E34: =IFERROR(C34*('Datos generales'!$C$60-'Datos económicos'!D34),0) -> 0
D35: =IFERROR(VLOOKUP(B35,'Hoja interna'!$A$69:$B$78,2,FALSE)*'Datos generales'!$C$60,0) -> 0 | E35: =IFERROR(C35*('Datos generales'!$C$60-'Datos económicos'!D35),0) -> 0
D36: =IFERROR(VLOOKUP(B36,'Hoja interna'!$A$69:$B$78,2,FALSE)*'Datos generales'!$C$60,0) -> 0 | E36: =IFERROR(C36*('Datos generales'!$C$60-'Datos económicos'!D36),0) -> 0
D37: =IFERROR(VLOOKUP(B37,'Hoja interna'!$A$69:$B$78,2,FALSE)*'Datos generales'!$C$60,0) -> 0 | E37: =IFERROR(C37*('Datos generales'!$C$60-'Datos económicos'!D37),0) -> 0
B38: Total | C38: =SUM(C34:C37) -> 0 | E38: =SUM(E34:E37) -> 0
A40: ESTUDIANTES SIN BECA | C40: Nº estudiantes | D40: Precio de la matrícula | E40: Ingresos
C41: ='Datos generales'!B65-'Datos económicos'!C14-'Datos económicos'!C16-'Datos económicos'!B23-'Datos económicos'!C38 -> 0 | D41: ='Datos generales'!C60 -> 0 | E41: =C41*D41 -> 0
A42: Total de estudiantes | C42: =SUM(C14, 'Datos económicos'!C16,B23,C34:C37,C41) -> 0 | D42: =IF(C42<>'Datos generales'!B65,"El núm. de estudiantes no coincide con lo consignado en Datos generales","")
A44: TOTAL INGRESOS | E44: =(('Datos generales'!B65*'Datos generales'!C60)-D18+E25) -> 0
A45: RETENCION UCM | D45: 0.2 | E45: =E44 * D45 -> 0
A46: COTIZACIÓN SS. (PRÁCTICAS EXTERNAS) | D46: 0.01 | E46: =IF('Datos generales'!C52,D46*E44, "No aplica") -> No aplica
A47: TOTAL INGRESOS NETOS | E47: =IF(E46="No aplica", E44 - E45, E44-E45-E46) -> 0
A55: GASTOS
A56: (Límite máximo de 30.000€ de remuneración por cada profesor/a por todos los conceptos y cursos de formación permanente en los que participe. Una vez conocidos todos los ingresos, procedentes de las matrículas de los estudiantes, se cumplimentará el Presupuesto incluyendo todo el detalle de Ingresos y Gastos. Para ello ver "Instrucciones de elaboración del Presupuesto").
A59: Dirección y codirección
A61: Coordinación académica / Coordinación de prácticas
A63: Retribución del profesorado (por docencia presencial o no presencial síncrona; docencia virtual asíncrona; elaboración o actualización de materiales didácticos; tutorías; supervisión de prácticas clínicas; tutorización de prácticas externas; tutoría de TFM; tribunal de TFM por miembro; conferencia o webinar):
A65: Otros gastos
C68: TOTAL GASTOS | E68: =IF(E59+E61<=0.2*E47,(E59+E61+E63+E65),"ERROR") -> 0
A69: =IF(E69<>0,"La diferencia de ingresos menos gastos debe ser 0","") | C69: INGRESOS - GASTOS | E69: =E47 - E68 -> 0
A72: Firma Director/a del curso | C72: Firma del Gerente o Administrador del Centro Gestor
A80: Nombre y apellidos: | C80: Nombre y apellidos:
A81: =IF('Datos generales'!C30=""," ",'Datos generales'!C30)

Sheet Memoria académica
A7: PROPUESTA DE CURSO DE FORMACIÓN PERMANENTE
A8: =IF('Datos generales'!C15="","",'Datos generales'!C15&" en " &'Datos generales'!C16)
A10: MEMORIA ACADÉMICA
A12: OBJETIVOS DEL CURSO (Para insertar una nueva línea, presionar simultáneamente la tecla Alt e Intro)
A16: PLAN DE ESTUDIOS (En un mismo módulo pueden impartirse créditos presenciales y créditos no presenciales)
A18: Módulo Para la expedición del título bilingüe (español/inglés), independientemente del idioma de impartición, es necesario incluir los módulos primero en castellano y, a continuación, en inglés | D18: Créditos ECTS | E18: Modalidad | F18: Horas de docencia
A19: 1 | F19: =(D19*7.5) -> 0
F20: =(D20*7.5) -> 0
A21: 2 | F21: =(D21*7.5) -> 0
F22: =(D22*7.5) -> 0
A23: 3 | F23: =(D23*7.5) -> 0
F24: =(D24*7.5) -> 0
A25: 4 | F25: =(D25*7.5) -> 0
F26: =(D26*7.5) -> 0
A27: 5 | F27: =(D27*7.5) -> 0
F28: =(D28*7.5) -> 0
A29: 6 | F29: =(D29*7.5) -> 0
F30: =(D30*7.5) -> 0
A31: 7 | F31: =(D31*7.5) -> 0
F32: =(D32*7.5) -> 0
A33: 8 | F33: =(D33*7.5) -> 0
F34: =(D34*7.5) -> 0
A35: 9 | F35: =(D35*7.5) -> 0
F36: =(D36*7.5) -> 0
B37: Total docencia : | D37: =SUM(D19:D36) -> 0 | E37: ------------------ | F37: =SUM(F19:F36) -> 0
A38: 10 | B38: Prácticas externas curriculares | D38: ='Datos generales'!C52 -> 0 | E38: Presencial
A39: 11 | B39: Prácticas clínicas / formación práctica | D39: ='Datos generales'!C54 -> 0 | E39: Presencial
A40: 12 | B40: TFM (Sólo Máster) | D40: ='Datos generales'!C55 -> 0 | E40: Presencial
D41: =SUM(D37:D40) -> 0
A42: =IF(D41='Datos generales'!C50,"","El total de créditos no coincide con los ECTS totales consignados en la hoja de Datos generales") | D42: =IF(D37='Datos generales'!C51,"","El total de créditos de docencia no coincide con los ECTS totales de Datos generales")
A43: Observación sobre las "Modalidades de impartición" Presencial (80% de los créditos impartidos en forma presencial - excluidos ECTS de prácticas externas y TFM, si los hubiera) Híbrida o Semipresencial (entre el 30 y el 79% de los ECTS totales del título sea impartida en modalidad presencial - excluidos ECTS de prácticas externas y TFM, si los hubiera) Virtual o No Presencial (cuando la docencia presencial sea inferior al 30% de los ECTS totales del título- excluidos ECTS de prácticas externas y TFM, si los hubiera )
A45: JUSTIFICACIÓN DEL TÍTULO PROPUESTO (Para insertar una nueva línea, presionar simultáneamente la tecla Alt e Intro)
A48: CRITERIOS DE LA CALIFICACIÓN FINAL (Para insertar una nueva línea, presionar simultáneamente la tecla Alt e Intro)
A51: RECURSOS MATERIALES E INSTALACIONES DISPONIBLES (Para insertar una nueva línea, presionar simultáneamente la tecla Alt e Intro)
A54: AUTORIZACIÓN DEL HOSPITAL (SI SE PRECISA) (Para insertar una nueva línea, presionar simultáneamente la tecla Alt e Intro)

Sheet Datos académicos
B7: PROPUESTA DE CURSO DE FORMACIÓN PERMANENTE
B8: =IF('Datos generales'!C15="","",'Datos generales'!C15&" en " & 'Datos generales'!C16)
A10: DATOS ACADÉMICOS - RESUMEN
A11: Si necesita capacidad para más profesores, solicite una excel ampliada a la sección. No añada filas al documento. No se ampliarán documentos ya cumplimentados, sino que se enviará un documento en blanco con capacidad ampliada del profesorado, la dirección, codirección y coordinación, en su caso.
A13: Id. | B13: Apellido 1 | C13: Apellido 2 | D13: Nombre | E13: NIF | F13: Vinculación | G13: HORAS DE DOCENCIA
B14: (Por favor, mayúscula sólo en la primera letra) | E14: (9 dígitos incluida la letra)
A15: 1 | H15: =IF(AND(F15="",G15=""),"",IF(AND(F15<>"",G15<>""),""," - Si incluye horas debe indicar vinculación, y viceversa."))
A16: 2 | H16: =IF(AND(F16="",G16=""),"",IF(AND(F16<>"",G16<>""),""," - Si incluye horas debe indicar vinculación, y viceversa."))
A17: 3 | H17: =IF(AND(F17="",G17=""),"",IF(AND(F17<>"",G17<>""),""," - Si incluye horas debe indicar vinculación, y viceversa."))
A18: 4 | H18: =IF(AND(F18="",G18=""),"",IF(AND(F18<>"",G18<>""),""," - Si incluye horas debe indicar vinculación, y viceversa."))
A19: 5 | H19: =IF(AND(F19="",G19=""),"",IF(AND(F19<>"",G19<>""),""," - Si incluye horas debe indicar vinculación, y viceversa."))
A20: 6 | H20: =IF(AND(F20="",G20=""),"",IF(AND(F20<>"",G20<>""),""," - Si incluye horas debe indicar vinculación, y viceversa."))
A21: 7 | H21: =IF(AND(F21="",G21=""),"",IF(AND(F21<>"",G21<>""),""," - Si incluye horas debe indicar vinculación, y viceversa."))
A22: 8 | H22: =IF(AND(F22="",G22=""),"",IF(AND(F22<>"",G22<>""),""," - Si incluye horas debe indicar vinculación, y viceversa."))
A23: 9 | H23: =IF(AND(F23="",G23=""),"",IF(AND(F23<>"",G23<>""),""," - Si incluye horas debe indicar vinculación, y viceversa."))
A24: 10 | H24: =IF(AND(F24="",G24=""),"",IF(AND(F24<>"",G24<>""),""," - Si incluye horas debe indicar vinculación, y viceversa."))
A25: 11 | H25: =IF(AND(F25="",G25=""),"",IF(AND(F25<>"",G25<>""),""," - Si incluye horas debe indicar vinculación, y viceversa."))
A26: 12 | H26: =IF(AND(F26="",G26=""),"",IF(AND(F26<>"",G26<>""),""," - Si incluye horas debe indicar vinculación, y viceversa."))
... A114: 100 | H114: =IF(AND(F114="",G114=""),"",IF(AND(F114<>"",G114<>""),""," - Si incluye horas debe indicar vinculación, y viceversa."))
G115: =SUM(G15:G114) -> 0
C117: =IF(G115='Memoria académica'!F37,"","El total de horas de docencia no coincide con las consignadas en la hoja de Memoria académica")
D118: RESUMEN DE LA PARTICIPACIÓN DEL PROFESORADO
D119: Horas | F119: Porcentaje
C120: UCM | D120: =SUMIF(F15:F114,"UCM",G15:G114) -> 0 | F120: =IFERROR(D120/D122,0) -> 0
C121: Externo | D121: =SUMIF(F15:F114,"Externo",G15:G114) -> 0 | F121: =IFERROR(D121/D122,0) -> 0
D122: =SUM(D120:D121) -> 0 | F122: =SUM(F120:F121) -> 0
B123: =IF(F120<25%,"La participación del profesorado de la UCM es inferior al 25%. Por favor cumplimente el apartado siguiente:","") -> La participación del profesorado de la UCM es inferior al 25%. Por favor cumplimente el apartado siguiente:
B125: JUSTIFICACIÓN DE LA PARTICIPACIÓN DE PROFESORADO UCM POR DEBAJO DEL 25% (Para insertar una nueva línea, presionar simultáneamente la tecla Alt e Intro)

Sheet RESUMEN ERRORES
O4: VALIDACIONES
A6: PROPUESTA DE CURSO DE FORMACIÓN PERMANENTE
A8: RESUMEN DE ERRORES
B9: En esta pestaña se presenta un resumen de los principales errores en la cumplimentación de la propuesta. Por favor, no presente la propuesta mientras figure algún error en este resumen. Corríjalo en la pestaña que proceda para que desaparezca de esta pestaña. *Si se presenta la propuesta con errores en este apartado, se consideraría no válida. No obstante, el mero hecho de que no figure ningún error en este resumen no implica que la propuesta sea correcta. Eso quedará a criterio de la sección una vez hecha la revisión administrativa y comprobado que cumple con todos los requisitos establecidos por la normativa y las instrucciones que la desarrollan.
C11: HOJA DE DATOS GENERALES | O11: =IF(AND('Datos generales'!$C$15="Máster de Formación Permanente",'Datos generales'!$C$50>59,'Datos generales'!$C$50<121),"seguir mirando","MASTER KO") -> MASTER KO | P11: =IF('Datos generales'!A57=" ","OK","KO") -> KO | R11: GLOBAL | S11: =IF(AND('Datos generales'!$C$15="Máster de Formación Permanente",P11="OK"),"OK",IF(AND('Datos generales'!$C$15="Diploma de Especialización",P12="OK"),"OK",IF(AND('Datos generales'!$C$15="Experto",P13="OK"),"OK",IF(AND('Datos generales'!$C$15="Diploma de Formación Permanente",P14="OK"),"OK",IF(AND('Datos generales'!$C$15="Certificado de Formación Permanente",P15="OK"),"OK",IF(AND('Datos generales'!$C$15="Microcredencial",P16="OK"),"OK",IF(AND('Datos generales'!$C$15="Internado",P17="OK"),"OK","KO"))))))) -> KO
C12: =IF(S11="KO","- El número total de créditos no corresponde con el tipo de curso propuesto"," ") -> - El número total de créditos no corresponde con el tipo de curso propuesto | O12: DIPLOMA | P12: =IF(AND('Datos generales'!C15="Diploma de Especialización",'Datos generales'!C50>29,'Datos generales'!C50<60),"OK","KO") -> KO
C13: =IF(OR(P20="KO",P22="KO"),"- El número de créditos de prácticas externas excede del máximo permitido del 50%"," ") | O13: EXPERTO | P13: =IF(AND('Datos generales'!$C$15="Experto",'Datos generales'!$C$50>19,'Datos generales'!$C$50<30),"OK","KO") -> KO
C14: =IF(P27="KO","- Un curso de gestión externa no puede consignar importe de reserva de plaza.","") | O14: DI FP | P14: =IF(AND('Datos generales'!$C$15="Diploma de Formación Permanente",'Datos generales'!$C$50>14,'Datos generales'!$C$50<31),"OK","KO") -> KO
C15: =IF(P30="OK","","- El centro responsable y el centro gestor no coinciden. Recuerde que la documentación adjunta a la propuesta deberá aportar el visto bueno del centro gestor.") | O15: CER FP | P15: =IF(AND('Datos generales'!$C$15="Certificado de Formación Permanente",'Datos generales'!$C$50>0,'Datos generales'!$C$50<14),"OK","KO") -> KO
C16: =IF('Datos generales'!C28<>"","","- Es obligatorio incluir un teléfono de información para el curso.") -> - Es obligatorio incluir un teléfono de información para el curso. | O16: MICRO | P16: =IF(AND('Datos generales'!$C$15="Microcredencial",'Datos generales'!$C$50>0,'Datos generales'!$C$50<15),"OK","KO") -> KO
C17: =IF('Datos generales'!C27<>"","","- Es obligatorio incluir un correo electrónico de información para el curso.") -> - Es obligatorio incluir un correo electrónico de información para el curso. | O17: INTER | P17: =IF(AND('Datos generales'!$C$15="Internado",'Datos generales'!$C$50>79),"OK","KO") -> KO
C18: =IF(P33="KO","- Debe completar todos los datos del director/a en la hoja de datos generales.","") -> - Debe completar todos los datos del director/a en la hoja de datos generales.
C19: =IF(AND('Datos generales'!C61="",'Datos generales'!C20<>"Nueva propuesta"),"- No se ha indicado el importe del curso anterior en la hoja de datos generales.","") -> - No se ha indicado el importe del curso anterior en la hoja de datos generales.
C20: =IF(P37="KO","- El importe del curso se ha incrementado por encima del IPC '7,3%'. Deberá presentarlo como propuesta CON modificación y justificarlo.","") | O20: PRACTICAS CURR | P20: =IF('Datos generales'!C52>('Datos generales'!C50*50/100),"KO","OK") -> OK
C21: =IF(P24="KO","- Debe indicar las fechas de inicio y fin del curso.","")
C22: =IF(Q34="KO","- Debe indicar las fechas de las dos convocatorias de títulos propios.","") | O22: PRACTICAS EXTR | P22: ="OK" -> OK
C23: =IF(P53="KO","- Debe indicar en su apartado el nombre y apellidos del decano/la decana del centro responsable.","") -> - Debe indicar en su apartado el nombre y apellidos del decano/la decana del centro responsable.
O24: fecha inicio fin | P24: =IF(AND(Q24=TRUE,OR('Datos generales'!B70="",'Datos generales'!E70="")),"KO","OK") -> OK | Q24: =OR('Datos generales'!C15="Máster de Formación Permanente",'Datos generales'!C15="Diploma de Especialización",'Datos generales'!C15="Experto",'Datos generales'!C15="Internado") -> FALSE
C25: =IF(AND(P30="KO",'Datos generales'!E128=""),"- El centro gestor es distinto del centro responsable. Debe indicar el nombre y apellidos del decano/la decana del centro gestor.","")
C27: HOJA DE DATOS ECONÓMICOS | O27: RESERVA | P27: =IF(AND('Datos generales'!E69<>"",'Datos generales'!E107="Sí"),"KO","OK") -> OK
C28: =IF(P54="KO","- Debe indicar en su apartado el nombre y apellidos del/la gerente del centro responsable.","") -> - Debe indicar en su apartado el nombre y apellidos del/la gerente del centro responsable.
C29: =IF(OR('Datos económicos'!E69>0.009,'Datos económicos'!E69<-0.009),"- El presupuesto no está equilibrado. El balance de ingresos/gastos debe ser igual a cero.","")
C30: =IF(P40="OK","","- El número total de alumnos de la hoja de datos generales no coincide con el desglose hecho en la hoja de datos económicos.") | O30: centro gestor | P30: =IF('Datos generales'!C22='Datos generales'!C24,"OK","KO") -> OK
C32: HOJA DE DATOS ACADÉMICOS
C33: =IF(P56="KO", "- Las horas de TFM de la memoria académica no coinciden con las horas de tutorización de TFM en la hoja de datos académicos. Estas deben coincidir.","") | O33: datos dir | P33: =IF(OR('Datos generales'!C30="",'Datos generales'!F30="",'Datos generales'!C31="",'Datos generales'!E31="",'Datos generales'!C32=""),"KO","OK") -> KO
O34: convocatorias | P34: =OR('Datos generales'!C15="Máster de Formación Permanente",'Datos generales'!C15="Diploma de Especialización",'Datos generales'!C15="Experto",'Datos generales'!C15="Internado") -> FALSE | Q34: =IF(AND(P34=TRUE,OR('Datos generales'!B71="",'Datos generales'!E71="")),"KO","OK") -> OK
C35: =IF(P42="KO","- La participación del profesorado UCM no llega al mínimo del 25% exigido, y no se ha cumplimentado el apartado de justificación.","") -> - La participación del profesorado UCM no llega al mínimo del 25% exigido, y no se ha cumplimentado el apartado de justificación.
C36: =IF(P59="KO","- Las horas de tutorización de prácticas curriculares deben ser las mismas que las calculadas en la hoja de memoria académica.","") | N36: 0.073 | O36: ipc | P36: =IF('Datos generales'!C62>'RESUMEN ERRORES'!N36,"KO","OK") -> OK
C37: =IF(P60="KO","- Las horas de supervisión de prácticas clínicas deben ser las mismas que las calculadas en la hoja de memoria académica.","") | P37: =IF(AND('Datos generales'!C20="Propuesta sin modificación",'RESUMEN ERRORES'!P36="KO"),"KO","OK") -> OK
C39: DESGLOSE DE MÓDULOS
C40: =IF(P44="KO", "- No ha cumplimentado completamente la hoja del módulo de TFM.","") | O40: estudiantes | P40: =IF('Datos económicos'!C42='Datos generales'!B65,"OK","KO") -> OK
C41: =IF(P49="KO","- El curso tiene prácticas externas y no ha cumplimentado completamente la hoja de 'módulo de prácticas externas'.","")
C42: =IF(P51="KO","- El curso tiene prácticas clínicas y no ha cumplimentado completamente la hoja de 'módulo de prácticas clínicas'.","") | O42: porcentaje ucm | P42: =IF(AND('Datos académicos'!F120<25%,'Datos académicos'!B126=""),"KO","OK") -> KO
O44: tfm cumplimentado | P44: =IF(AND('Datos generales'!C15="Máster de Formación Permanente",OR('Módulo TFM'!A19="",'Módulo TFM'!A22="",'Módulo TFM'!A25="")),"KO","OK") -> OK
O46: 75 horas | P46: =IF('Datos generales'!C17="Dos años","2",IF('Datos generales'!C17="Tres años","3","1")) -> 1
O49: practicas ext módulo | P49: =IF('Módulo Prácticas Externas '!B17>0,IF(OR('Módulo Prácticas Externas '!A20="",'Módulo Prácticas Externas '!H17="",'Módulo Prácticas Externas '!A23="",'Módulo Prácticas Externas '!A26="",'Módulo Prácticas Externas '!A29=""),"KO","OK"),"OK") -> OK
O51: practicas clin módulo | P51: =IF('Módulo Prácticas Clínicas'!B16>0,IF(OR('Módulo Prácticas Clínicas'!A19="",'Módulo Prácticas Clínicas'!A22="",'Módulo Prácticas Clínicas'!A25="",'Módulo Prácticas Clínicas'!A29=""),"KO","OK"),"OK") -> OK
O53: firma decano | P53: =IF('Datos generales'!D121="","KO","OK") -> KO
O54: firma gerente | P54: =IF('Datos económicos'!C81="","KO","OK") -> KO
O56: tutorizacion tfm | P56: =IF(INT('Memoria académica'!F40)<>0,IF('Datos académicos'!#REF!<>'Memoria académica'!F40,"KO","OK"),"OK") -> OK
O59: horas practicas curr | P59: =IF(ROUND(('Memoria académica'!F38),0)<>0,IF(ROUND(('Memoria académica'!F38),0)<>'Datos académicos'!#REF!,"KO","OK"),"OK") -> OK
O60: hora prácticas clin | P60: =IF(ROUND(('Memoria académica'!F39),0)<>0,IF(ROUND(('Memoria académica'!F39),0)<>'Datos académicos'!#REF!,"KO","OK"),"OK") -> OK

Sheet Módulo 1
A7: PROPUESTA DE CURSO DE FORMACIÓN PERMANENTE
A8: =IF('Datos generales'!C15="","",'Datos generales'!C15&" en " &'Datos generales'!C16)
A10: PROGRAMACIÓN DETALLADA DEL CURSO
A12: *Es imprescindible cumplimentar la información requerida de todos los campos indicados
A14: ="Módulo 1: "&'Memoria académica'!B19 -> Módulo 1:
A16: Número de créditos: | B16: =IF('Memoria académica'!D19+'Memoria académica'!D20<>0,'Memoria académica'!D19+'Memoria académica'!D20,"") | D16: Modalidad de impartición: | F16: =IF(AND('Memoria académica'!E19="",'Memoria académica'!E20=""),"",IF(AND('Memoria académica'!E19<>"",'Memoria académica'!E20<>""),"Semipresencial",IF('Memoria académica'!E19<>"",'Memoria académica'!E19,'Memoria académica'!E20))) | I16: Horas de actividades docentes: | M16: =IF('Memoria académica'!F19+'Memoria académica'!F20<>0,'Memoria académica'!F19+'Memoria académica'!F20,"")
A18: CONTENIDO (Para insertar una nueva línea, presionar simultáneamente la tecla Alt e Intro)
A21: COMPETENCIAS ESPECÍFICAS (Para insertar una nueva línea, presionar simultáneamente la tecla Alt e Intro)
A24: CRITERIOS Y PROCEDIMIENTOS DE EVALUACIÓN DEL MÓDULO (Para insertar una nueva línea, presionar simultáneamente la tecla Alt e Intro)

Sheet Módulo 2
A7: PROPUESTA DE CURSO DE FORMACIÓN PERMANENTE
A8: =IF('Datos generales'!C15="","",'Datos generales'!C15&" en " &'Datos generales'!C16)
A10: PROGRAMACIÓN DETALLADA DEL CURSO
A12: *Es imprescindible cumplimentar la información requerida de todos los campos indicados
A14: ="Módulo 2: "&'Memoria académica'!B21 -> Módulo 2:
A16: Número de créditos: | B16: =IF('Memoria académica'!D21+'Memoria académica'!D22<>0,'Memoria académica'!D21+'Memoria académica'!D22,"") | D16: Modalidad de impartición: | F16: =IF(AND('Memoria académica'!E21="",'Memoria académica'!E22=""),"",IF(AND('Memoria académica'!E21<>"",'Memoria académica'!E22<>""),"Semipresencial",IF('Memoria académica'!E21<>"",'Memoria académica'!E21,'Memoria académica'!E22))) | I16: Horas de actividades docentes: | M16: =IF('Memoria académica'!F21+'Memoria académica'!F22<>0,'Memoria académica'!F21+'Memoria académica'!F22,"")
A18: CONTENIDO (Para insertar una nueva línea, presionar simultáneamente la tecla Alt e Intro)
A21: COMPETENCIAS ESPECÍFICAS (Para insertar una nueva línea, presionar simultáneamente la tecla Alt e Intro)
A24: CRITERIOS Y PROCEDIMIENTOS DE EVALUACIÓN DEL MÓDULO (Para insertar una nueva línea, presionar simultáneamente la tecla Alt e Intro)

Sheet Módulo 3
A7: PROPUESTA DE CURSO DE FORMACIÓN PERMANENTE
A8: =IF('Datos generales'!C15="","",'Datos generales'!C15&" en " &'Datos generales'!C16)
A10: PROGRAMACIÓN DETALLADA DEL CURSO
A12: *Es imprescindible cumplimentar la información requerida de todos los campos indicados
A14: ="Módulo 3: "&'Memoria académica'!B23 -> Módulo 3:
A16: Número de créditos: | B16: =IF('Memoria académica'!D23+'Memoria académica'!D24<>0,'Memoria académica'!D23+'Memoria académica'!D24,"") | D16: Modalidad de impartición: | F16: =IF(AND('Memoria académica'!E23="",'Memoria académica'!E24=""),"",IF(AND('Memoria académica'!E23<>"",'Memoria académica'!E24<>""),"Semipresencial",IF('Memoria académica'!E23<>"",'Memoria académica'!E23,'Memoria académica'!E24))) | I16: Horas de actividades docentes: | M16: =IF('Memoria académica'!F23+'Memoria académica'!F24<>0,'Memoria académica'!F23+'Memoria académica'!F24,"")
A18: CONTENIDO (Para insertar una nueva línea, presionar simultáneamente la tecla Alt e Intro)
A21: COMPETENCIAS ESPECÍFICAS (Para insertar una nueva línea, presionar simultáneamente la tecla Alt e Intro)
A24: CRITERIOS Y PROCEDIMIENTOS DE EVALUACIÓN DEL MÓDULO (Para insertar una nueva línea, presionar simultáneamente la tecla Alt e Intro)

Sheet Módulo 4
A7: PROPUESTA DE CURSO DE FORMACIÓN PERMANENTE
A8: =IF('Datos generales'!C15="","",'Datos generales'!C15&" en " &'Datos generales'!C16)
A10: PROGRAMACIÓN DETALLADA DEL CURSO
A12: *Es imprescindible cumplimentar la información requerida de todos los campos indicados
A14: ="Módulo 4: "&'Memoria académica'!B25 -> Módulo 4:
A16: Número de créditos: | B16: =IF('Memoria académica'!D25+'Memoria académica'!D26<>0,'Memoria académica'!D25+'Memoria académica'!D26,"") | D16: Modalidad de impartición: | F16: =IF(AND('Memoria académica'!E25="",'Memoria académica'!E26=""),"",IF(AND('Memoria académica'!E25<>"",'Memoria académica'!E26<>""),"Semipresencial",IF('Memoria académica'!E25<>"",'Memoria académica'!E25,'Memoria académica'!E26))) | I16: Horas de actividades docentes: | M16: =IF('Memoria académica'!F25+'Memoria académica'!F26<>0,'Memoria académica'!F25+'Memoria académica'!F26,"")
A18: CONTENIDO (Para insertar una nueva línea, presionar simultáneamente la tecla Alt e Intro)
A21: COMPETENCIAS ESPECÍFICAS (Para insertar una nueva línea, presionar simultáneamente la tecla Alt e Intro)
A24: CRITERIOS Y PROCEDIMIENTOS DE EVALUACIÓN DEL MÓDULO (Para insertar una nueva línea, presionar simultáneamente la tecla Alt e Intro)

Sheet Módulo 5
A7: PROPUESTA DE CURSO DE FORMACIÓN PERMANENTE
A8: =IF('Datos generales'!C15="","",'Datos generales'!C15&" en " &'Datos generales'!C16)
A10: PROGRAMACIÓN DETALLADA DEL CURSO
A12: *Es imprescindible cumplimentar la información requerida de todos los campos indicados
A14: ="Módulo 5: "&'Memoria académica'!B27 -> Módulo 5:
A16: Número de créditos: | B16: =IF('Memoria académica'!D27+'Memoria académica'!D28<>0,'Memoria académica'!D27+'Memoria académica'!D28,"") | D16: Modalidad de impartición: | F16: =IF(AND('Memoria académica'!E27="",'Memoria académica'!E28=""),"",IF(AND('Memoria académica'!E27<>"",'Memoria académica'!E28<>""),"Semipresencial",IF('Memoria académica'!E27<>"",'Memoria académica'!E27,'Memoria académica'!E28))) | I16: Horas de actividades docentes: | M16: =IF('Memoria académica'!F27+'Memoria académica'!F28<>0,'Memoria académica'!F27+'Memoria académica'!F28,"")
A18: CONTENIDO (Para insertar una nueva línea, presionar simultáneamente la tecla Alt e Intro)
A21: COMPETENCIAS ESPECÍFICAS (Para insertar una nueva línea, presionar simultáneamente la tecla Alt e Intro)
A24: CRITERIOS Y PROCEDIMIENTOS DE EVALUACIÓN DEL MÓDULO (Para insertar una nueva línea, presionar simultáneamente la tecla Alt e Intro)

Sheet Módulo 6
A7: PROPUESTA DE CURSO DE FORMACIÓN PERMANENTE
A8: =IF('Datos generales'!C15="","",'Datos generales'!C15&" en " &'Datos generales'!C16)
A10: PROGRAMACIÓN DETALLADA DEL CURSO
A12: *Es imprescindible cumplimentar la información requerida de todos los campos indicados
A14: ="Módulo 6: "&'Memoria académica'!B29 -> Módulo 6:
A16: Número de créditos: | B16: =IF('Memoria académica'!D29+'Memoria académica'!D30<>0,'Memoria académica'!D29+'Memoria académica'!D30,"") | D16: Modalidad de impartición: | F16: =IF(AND('Memoria académica'!E29="",'Memoria académica'!E30=""),"",IF(AND('Memoria académica'!E29<>"",'Memoria académica'!E30<>""),"Semipresencial",IF('Memoria académica'!E29<>"",'Memoria académica'!E29,'Memoria académica'!E30))) | I16: Horas de actividades docentes: | M16: =IF('Memoria académica'!F29+'Memoria académica'!F30<>0,'Memoria académica'!F29+'Memoria académica'!F30,"")
A18: CONTENIDO (Para insertar una nueva línea, presionar simultáneamente la tecla Alt e Intro)
A21: COMPETENCIAS ESPECÍFICAS (Para insertar una nueva línea, presionar simultáneamente la tecla Alt e Intro)
A24: CRITERIOS Y PROCEDIMIENTOS DE EVALUACIÓN DEL MÓDULO (Para insertar una nueva línea, presionar simultáneamente la tecla Alt e Intro)

Sheet Módulo 7
A7: PROPUESTA DE CURSO DE FORMACIÓN PERMANENTE
A8: =IF('Datos generales'!C15="","",'Datos generales'!C15&" en " &'Datos generales'!C16)
A10: PROGRAMACIÓN DETALLADA DEL CURSO
A12: *Es imprescindible cumplimentar la información requerida de todos los campos indicados
A14: ="Módulo 7: "&'Memoria académica'!B31 -> Módulo 7:
A16: Número de créditos: | B16: =IF('Memoria académica'!D31+'Memoria académica'!D32<>0,'Memoria académica'!D31+'Memoria académica'!D32,"") | D16: Modalidad de impartición: | F16: =IF(AND('Memoria académica'!E31="",'Memoria académica'!E32=""),"",IF(AND('Memoria académica'!E31<>"",'Memoria académica'!E32<>""),"Semipresencial",IF('Memoria académica'!E31<>"",'Memoria académica'!E31,'Memoria académica'!E32))) | I16: Horas de actividades docentes: | M16: =IF('Memoria académica'!F31+'Memoria académica'!F32<>0,'Memoria académica'!F31+'Memoria académica'!F32,"")
A18: CONTENIDO (Para insertar una nueva línea, presionar simultáneamente la tecla Alt e Intro)
A21: COMPETENCIAS ESPECÍFICAS (Para insertar una nueva línea, presionar simultáneamente la tecla Alt e Intro)
A24: CRITERIOS Y PROCEDIMIENTOS DE EVALUACIÓN DEL MÓDULO (Para insertar una nueva línea, presionar simultáneamente la tecla Alt e Intro)

Sheet Módulo 8
A7: PROPUESTA DE CURSO DE FORMACIÓN PERMANENTE
A8: =IF('Datos generales'!C15="","",'Datos generales'!C15&" en " &'Datos generales'!C16)
A10: PROGRAMACIÓN DETALLADA DEL CURSO
A12: *Es imprescindible cumplimentar la información requerida de todos los campos indicados
A14: ="Módulo 8: "&'Memoria académica'!B33 -> Módulo 8:
A16: Número de créditos: | B16: =IF('Memoria académica'!D33+'Memoria académica'!D34<>0,'Memoria académica'!D33+'Memoria académica'!D34,"") | D16: Modalidad de impartición: | F16: =IF(AND('Memoria académica'!E33="",'Memoria académica'!E34=""),"",IF(AND('Memoria académica'!E33<>"",'Memoria académica'!E34<>""),"Semipresencial",IF('Memoria académica'!E33<>"",'Memoria académica'!E34,'Memoria académica'!E33))) | I16: Horas de actividades docentes: | M16: =IF('Memoria académica'!F33+'Memoria académica'!F34<>0,'Memoria académica'!F33+'Memoria académica'!F34,"")
A18: CONTENIDO (Para insertar una nueva línea, presionar simultáneamente la tecla Alt e Intro)
A21: COMPETENCIAS ESPECÍFICAS (Para insertar una nueva línea, presionar simultáneamente la tecla Alt e Intro)
A24: CRITERIOS Y PROCEDIMIENTOS DE EVALUACIÓN DEL MÓDULO (Para insertar una nueva línea, presionar simultáneamente la tecla Alt e Intro)

Sheet Módulo 9
A7: PROPUESTA DE CURSO DE FORMACIÓN PERMANENTE
A8: =IF('Datos generales'!C15="","",'Datos generales'!C15&" en " &'Datos generales'!C16)
A10: PROGRAMACIÓN DETALLADA DEL CURSO
A12: *Es imprescindible cumplimentar la información requerida de todos los campos indicados
A14: ="Módulo 9: "&'Memoria académica'!B35 -> Módulo 9:
A16: Número de créditos: | B16: =IF('Memoria académica'!D35+'Memoria académica'!D36<>0,'Memoria académica'!D35+'Memoria académica'!D36,"") | D16: Modalidad de impartición: | F16: =IF(AND('Memoria académica'!E35="",'Memoria académica'!E36=""),"",IF(AND('Memoria académica'!E35<>"",'Memoria académica'!E36<>""),"Semipresencial",IF('Memoria académica'!E35<>"",'Memoria académica'!E36,'Memoria académica'!E35))) | I16: Horas de actividades docentes: | M16: =IF('Memoria académica'!F35+'Memoria académica'!F36<>0,'Memoria académica'!F35+'Memoria académica'!F36,"")
A18: CONTENIDO (Para insertar una nueva línea, presionar simultáneamente la tecla Alt e Intro)
A21: COMPETENCIAS ESPECÍFICAS (Para insertar una nueva línea, presionar simultáneamente la tecla Alt e Intro)
A24: CRITERIOS Y PROCEDIMIENTOS DE EVALUACIÓN DEL MÓDULO (Para insertar una nueva línea, presionar simultáneamente la tecla Alt e Intro)

Sheet Módulo Prácticas Externas 
A7: PROPUESTA DE CURSO DE FORMACIÓN PERMANENTE
A8: =IF('Datos generales'!C15="","",'Datos generales'!C15&" en " &'Datos generales'!C16)
A10: PROGRAMACIÓN DETALLADA DEL CURSO
A12: *Es imprescindible cumplimentar la información requerida de todos los campos indicados
A14: Módulo: Prácticas Externas Curriculares
A17: Número de créditos: | B17: ='Datos generales'!C52 -> 0 | G17: Modalidad: | H17: Obligatorias
A19: COMPETENCIAS ESPECÍFICAS (Para insertar una nueva línea, presionar simultáneamente la tecla Alt e Intro)
A22: SISTEMA DE TUTORIZACIÓN Y SEGUIMIENTO (Para insertar una nueva línea, presionar simultáneamente la tecla Alt e Intro)
A25: CRITERIOS Y PROCEDIMIENTOS DE EVALUACIÓN DE LAS PRÁCTICAS (Para insertar una nueva línea, presionar simultáneamente la tecla Alt e Intro)
A28: INDICAR LAS EMPRESAS E INSTITUCIONES DONDE SE REALIZARÁN LAS PRÁCTICAS (Para insertar una nueva línea, presionar simultáneamente la tecla Alt e Intro)

Sheet Módulo Prácticas Clínicas
A7: PROPUESTA DE CURSO DE FORMACIÓN PERMANENTE
A8: =IF('Datos generales'!C15="","",'Datos generales'!C15&" en " &'Datos generales'!C16)
A10: PROGRAMACIÓN DETALLADA DEL CURSO
A12: *Es imprescindible cumplimentar la información requerida de todos los campos indicados
A14: Módulo Prácticas Clínicas o Formación Práctica
A16: Número de créditos: | B16: ='Datos generales'!C54 -> 0
A18: COMPETENCIAS ESPECÍFICAS (Para insertar una nueva línea, presionar simultáneamente la tecla Alt e Intro)
A21: SISTEMA DE SUPERVISIÓN Y SEGUIMIENTO (Para insertar una nueva línea, presionar simultáneamente la tecla Alt e Intro)
A24: CRITERIOS Y PROCEDIMIENTOS DE EVALUACIÓN (Para insertar una nueva línea, presionar simultáneamente la tecla Alt e Intro)
A27: INDICAR LAS CLÍNICAS, EMPRESAS E INSTITUCIONES DONDE SE REALIZARÁN LAS PRÁCTICAS
A28: (Para insertar una nueva línea, presionar simultáneamente la tecla Alt e Intro)

Sheet Módulo TFM
A7: PROPUESTA DE CURSO DE FORMACIÓN PERMANENTE
A8: =IF('Datos generales'!C15="","",'Datos generales'!C15&" en " &'Datos generales'!C16)
A10: PROGRAMACIÓN DETALLADA DEL CURSO
A12: * Es imprescindible cumplimentar cada uno de los apartados requeridos en caso de incluir TFM en la titulación (sólo Máster de Formación Permanente)
A14: Módulo Trabajo Fin de Máster
B16: Núm. de créditos: | C16: =IFERROR('Datos generales'!C55,0) -> 0
A18: COMPETENCIAS ESPECÍFICAS (Para insertar una nueva línea, presionar simultáneamente la tecla Alt e Intro)
A21: SISTEMA DE DIRECCIÓN Y SEGUIMIENTO (Para insertar una nueva línea, presionar simultáneamente la tecla Alt e Intro)
A24: CRITERIOS Y PROCEDIMIENTOS DE EVALUACIÓN DEL TRABAJO FIN DE MÁSTER (Para insertar una nueva línea, presionar simultáneamente la tecla Alt e Intro)

Sheet Memoria último curso
A6: PROPUESTA DE CURSO DE FORMACIÓN PERMANENTE
A7: =IF('Datos generales'!C15="","",'Datos generales'!C15&" en " &'Datos generales'!C16)
A9: MEMORIA DEL ÚLTIMO CURSO FINALIZADO
A13: Tipo de curso
A14: Denominación del título (si se ha impartido en inglés, especificar título en dicho idioma)
A15: Duración del título | E15: Curso académico
A16: Modalidad de impartición | E16: Promoción
A17: Idioma de impartición | E17: Nº edición
A18: Centro de la UCM
A19: Rama de conocimiento
A20: Nº de estudiantes matriculados
A21: Nº de estudiantes que han superado el curso
A23: GRADO DEL CUMPLIMIENTO DEL PROGRAMA Y DE LOS OBJETIVOS
A26: INDICADORES O DATOS DE EMPLEABILIDAD
A29: RESULTADOS DE LA ENCUESTA DE SATISFACCIÓN CON EL TÍTULO (Sólo en Máster propio, Diploma de Especialización y Experto)
C32: Firma Director/a del curso
B39: Nombre y apellidos:
